 Dungeon Crawl Stone Soup version 0.16.1-5-gaa23807 (webtiles) character file.

71 Galdon the Stinger (level 4, -4/27 HPs)
             Began as a Halfling Venom Mage on Mar 27, 2015.
             Killed by divine providence
             ... invoked by an orc priest
              (16 damage)
             ... on level 3 of the Dungeon on Mar 28, 2015.
             The game lasted 00:16:20 (2027 turns).

Galdon the Stinger (Halfling Venom Mage)            Turns: 2027, Time: 00:16:21

Health: -4/27      AC:  2    Str: 14    XL:     4   Next: 47%
Magic:  3/7        EV: 15    Int: 14    God:
Gold:   112        SH:  0    Dex: 14    Spells: 3 memorised, 1 level left

rFire  . . .     SeeInvis .     n - +0 short sword
rCold  . . .     Clarity  .     a - +0 robe
rNeg   . . .     SustAb   .     (no shield)
rPois  .         Gourm    .     (no helmet)
rElec  .         Spirit   .     (no cloak)
rCorr  .         Warding  .     (no gloves)
rMut   .         Stasis   .     (no boots)
MR     .....                    (no amulet)
Stlth  ++........               (no ring)
                                (no ring)

@: mighty, not resistant to hostile enchantments, unstealthy
A: mutation resistance 1
a: no special abilities


You were on level 3 of the Dungeon.
You were not hungry.

You visited 1 branch of the dungeon, and saw 3 of its levels.

You collected 112 gold pieces.

Inventory:

Hand weapons
 n - a +0 short sword (weapon)
Armour
 a - a +0 robe (worn)
Scrolls
 j - 2 scrolls of remove curse
 l - a scroll of recharging {unknown}
 m - 2 scrolls of identify
 o - a scroll of blinking {unknown}
Potions
 f - a potion of curing
 k - a potion of haste
Books
 b - a Young Poisoner's Handbook

   Spells                             Type                      Level
   a - Sting                          Conjuration/Poison           1
   b - Cure Poison                    Poison                       2
   c - Mephitic Cloud                 Conjuration/Poison/Air       3
   d - Olgreb's Toxic Radiance        Poison                       4
   e - Venom Bolt                     Conjuration/Poison           5
Comestibles
 c - a bread ration
 p - a meat ration
 q - 6 chunks of flesh
 s - a beef jerky


   Skills:
 * Level 0.6 Fighting
 * Level 1.3 Short Blades
 + Level 2.3 Dodging
 * Level 2.5 Stealth
 * Level 2.1 Spellcasting
 + Level 0.4 Conjurations
 * Level 4.2 Poison Magic


You had one spell level left.
You knew the following spells:

 Your Spells              Type           Power        Failure   Level  Hunger
a - Sting                 Conj/Pois      #...         12%         1    ##.....
b - Cure Poison           Pois           ##........   10%         2    ###....
c - Mephitic Cloud        Conj/Pois/Air  #.......     38%         3    ####...


Dungeon Overview and Level Annotations

Branches:
Dungeon (3/15)

Altars:

Annotations:
D:3 wanderer1's ghost, average GrFi


Innate Abilities, Weirdness & Mutations

You are small and have problems with some larger weapons.
You are somewhat resistant to further mutation.


Message History

The orc priest invokes the aid of Beogh against you.
Something smites you!
* * * LOW HITPOINT WARNING * * *
A jackal comes into view.
Drink which item? (? for menu, Esc to quit)
It was a potion of might.
You feel very mighty all of a sudden.
Drink which item? (? for menu, Esc to quit)
You feel better.
The jackal barks!
You hear a shout!
The orc priest hits you.
You barely miss the orc priest.
The orc priest is moderately wounded.
The orc shouts!
You hit the orc priest.
The orc priest is severely wounded.
The orc priest calls down the wrath of Beogh upon you.
Something smites you!
Ouch! That really hurt!
You die...

#..?.......
#..)...÷...
#.()...#.#.
#<.o...#.oo
#...o..†.# #
#####[.o.. #.
##..#o? #..####
##oh.#
#....#####.@#.#
#.##.....#
#<.......#
####.[...#
#.(...# #.....#
#.....# #######


You could see 2 orc priests, 2 orcs and a jackal.

Vanquished Creatures
  2 adders (D:3)
  A worm (D:2)
  An orc (D:3)
  A ball python (D:3)
  6 bats
  3 goblins
  9 hobgoblins
  5 jackals (D:3)
  5 kobolds
  A quokka (D:2)
  2 giant newts
  6 rats
42 creatures vanquished.

Notes
Turn   | Place    | Note
--------------------------------------------------------------
     0 | D:1      | Galdon, the Halfling Venom Mage, began the quest for the Orb.
     0 | D:1      | Reached XP level 1. HP: 11/11 MP: 2/2
   140 | D:1      | Reached XP level 2. HP: 15/18 MP: 0/3
   144 | D:1      | Learned a level 2 spell: Cure Poison
   601 | D:1      | Reached skill level 4 in Poison Magic
   680 | D:1      | Reached XP level 3. HP: 17/22 MP: 3/5
  1007 | D:2      | Upgraded the game from 0.16.1-4-g8e1b745 to 0.16.1-5-gaa23807
  1462 | D:2      | Learned a level 3 spell: Mephitic Cloud
  1565 | D:2      | Reached skill level 1 in Short Blades
  1653 | D:3      | Reached XP level 4. HP: 27/27 MP: 7/7
  1948 | D:3      | Noticed wanderer1's ghost (average GrFi)
  2027 | D:3      | Killed from afar by an orc priest

Action                   |  1- 3 |  4- 6 || total
-------------------------+-------+-------++-------
Melee: Unarmed           |    26 |       ||    26
       Dagger            |    47 |       ||    47
       Mace              |     2 |       ||     2
       Short sword       |    12 |    18 ||    30
 Cast: Sting             |    41 |    18 ||    59
       Cure Poison       |       |     1 ||     1
  Use: Scroll            |     2 |       ||     2
       Potion            |     2 |     2 ||     4
 Stab: Sleeping          |     3 |       ||     3
  Eat: Chunk             |     2 |       ||     2
       Bread ration      |     1 |       ||     1
